 Dungeon Crawl Stone Soup version 0.25-a0-589-g1e14c549ee (webtiles) character file.

Game seed: 4668773377880971452, levelgen mode: deterministic

92 An17 the Vexing (level 4, 0/18 HPs)
             Began as a Felid Enchanter on Mar 11, 2020.
             Succumbed to an orc wizard's poison
             ... on level 3 of the Dungeon.
             The game lasted 00:10:24 (3115 turns).

An17 the Vexing (Felid Enchanter)                   Turns: 3115, Time: 00:10:25

Health: 0/18       AC:  1    Str:  4    XL:     4   Next: 35%
Magic:  1/9        EV: 33    Int: 16    God:
Gold:   109        SH:  0    Dex: 17    Spells: 1/9 levels left
                                        Lives:  0   Deaths: 1

rFire    . . .     SeeInvis +     - Unarmed
rCold    . . .     Gourm    .   (shield unavailable)
rNeg     . . .     Faith    .   (armour unavailable)
rPois    .         Spirit   .   (helmet unavailable)
rElec    .         Reflect  .   (cloak unavailable)
rCorr    .         Harm     .   (gloves unavailable)
MR       .....                  (boots unavailable)
Stlth    ++++......             d - amulet of the acrobat
HPRegen  0.06/turn              (no ring)
MPRegen  0.11/turn              (no ring)

@: lethally poisoned (0 -> -21), acrobat, quick
A: very small, no armour, no weapons or thrown items, stealth, claws 1, fangs 3,
see invisible, carnivore, speed 1, shaggy fur 1, slow metabolism 1, sharp paws
a: no special abilities


You were on level 3 of the Dungeon.
You were not hungry.

You visited 1 branch of the dungeon, and saw 3 of its levels.

You collected 109 gold pieces.

Inventory:

Jewellery
 d - an amulet of the acrobat (around neck)
Scrolls
 g - a scroll of teleportation
 i - a scroll of identify
Potions
 a - a potion of haste {unknown}
 c - a potion of flight {unknown}
 e - 2 potions of stabbing
 f - a potion of heal wounds {unknown}
 h - 2 potions of might
Comestibles
 b - 6 rations


   Skills:
 + Level 3.0 Dodging
 + Level 5.4 Stealth
 + Level 2.0 Unarmed Combat
 + Level 3.1 Spellcasting
 + Level 5.6 Hexes
 + Level 0.4 Ice Magic


You had one spell level left.
You knew the following spells:

 Your Spells              Type           Power        Failure   Level  Hunger
a - Tukima's Dance        Hex            ###.....     5%          3    ###....
b - Ensorcelled Hibernat  Hex/Ice        ##....       9%          2    ##.....
c - Confusing Touch       Hex            ###.....     5%          3    ###....

Your spell library contained the following spells:

 Spells                   Type           Power        Failure   Level  Hunger
 Corona                   Hex            ###....      1%          1    None
 Dazzling Flash           Conj/Hex       ##....       19%         3    ###....


Dungeon Overview and Level Annotations

Branches:
Dungeon (3/15)

Altars:
Uskayaw
Xom


Innate Abilities, Weirdness & Mutations

You cannot wear armour.
You are incapable of wielding weapons or throwing items.
Your paws allow you to move quietly. (Stealth)
You have sharp claws.
You have razor-sharp teeth.
You have supernaturally acute eyesight. (SInv)
You are carnivorous and can eat meat at any time.
You cover ground quickly.
You are covered in fur. (AC +1)
You have a slow metabolism.
Your sharp claws are effective at attacking unaware monsters.


Message History

Aim: an orc wizard, wielding a +2 dagger of venom and wearing a +0 robe (chance to defeat MR: 42%)
The orc wizard looks drowsy...
You feel sick.
You pounce on the unaware helpless orc wizard!
You claw the orc wizard!
The orc wizard is almost dead.
You feel sick. The orc wizard misses you.
You scratch the orc wizard but do no damage.
The orc wizard is almost dead.
* * * LOW HITPOINT WARNING * * *
You feel sick.
The orc wizard hits you with a +2 dagger of venom.
* * * LOW HITPOINT WARNING * * *
You are more poisoned.
You scratch the orc wizard.
You kill the orc wizard!
Your Dodging skill increases to level 3!
Your Unarmed Combat skill increases to level 2!
* * * LOW HITPOINT WARNING * * *
You feel sick.
You die...

...###.......)..#
#...>#........##
###......#..##
##..#######
##.....####
#...#####.## ####.#.#
#...## #....#.#
##<.#.##
#..###>.###)@#)#.##
<...o......#)###.#.##
##.#..<.##...####.#†##
#...######.....##.#.##
#b...
#####..##..##.#.##
...g
#........#.###.#.# #..
#........#..###.#.#
#..
#........##..###.#.#
#........###...##.#.#
#


There were no monsters in sight!

Vanquished Creatures
  A howler monkey (D:3)
  An orc wizard (D:3)
  3 adders (D:2)
  A dart slug (D:3)
  A leopard gecko (D:1)
  4 orcs
  A giant cockroach (D:1)
  8 goblins
  12 hobgoblins
  4 jackals (D:3)
  A quokka (D:2)
  2 ball pythons
  6 bats
  4 frilled lizards
  5 kobolds
  3 rats
57 creatures vanquished.

Notes
Turn   | Place    | Note
-------+----------+-------------------------------------------
     0 | D:1      | An17 the Felid Enchanter began the quest for the Orb.
     0 | D:1      | Reached XP level 1. HP: 7/7 MP: 4/4
   142 | D:1      | Reached XP level 2. HP: 6/11 MP: 4/6
   146 | D:1      | Learned a level 2 spell: Ensorcelled Hibernation
   951 | D:2      | Reached skill level 5 in Hexes
   951 | D:2      | Reached XP level 3. HP: 3/14 MP: 2/7
   956 | D:2      | Learned a level 3 spell: Confusing Touch
  1164 | D:2      | Reached skill level 5 in Stealth
  1266 | D:2      | Found a shimmering altar of Xom.
  2009 | D:3      | Reached XP level 4. HP: 14/18 MP: 6/9
  2323 | D:3      | Noticed a +0 hand axe
  2323 | D:3      | Noticed a +0 hand axe
  2324 | D:3      | Found a hide-covered altar of Uskayaw.
  2354 | D:3      | Learned a level 3 spell: Tukima's Dance
  2449 | D:3      | Slain by an ooze
  2450 | D:3      | Reached XP level 3. HP: 0/14 MP: 2/8
  3049 | D:2      | Reached XP level 4. HP: 14/18 MP: 6/9
  3115 | D:3      | Succumbed to an orc wizard's poison

Levels and vault maps discovered:
D:1:      roderic_crop_circles_arrival_small, layout_basic
D:2:      layout_basic, brannock_xom_greatest_gift, serial_rivers,
          chequers_serial_rivers_small_b, chequers_serial_rivers_large_a,
          chequers_serial_rivers_room_b, chequers_serial_rivers_micro_a,
          chequers_serial_rivers_micro_b, chequers_serial_rivers_small_3,
          grunt_decor_resistance, minmay_crystal_room
D:3:      minmay_inner_zag, layout_rooms, dancing_weapons_uskayaw, uniq_robin

Skill      XL: |  1  2  3  4 |
---------------+-------------+-----
Hexes          | 5 |  5.6
Stealth        | 5 |  5.4
Spellcasting   | 3 |  3.1
Dodging        | 3 |  3.0
Unarmed Combat | 2 |  2.0
Ice Magic      | |  0.4

Action                   |  1- 3 |  4- 6 || total
-------------------------+-------+-------++-------
Melee: Unarmed           |   111 |    62 ||   173
       Bite              |     5 |     2 ||     7
 Cast: Corona            |     6 |       ||     6
       Ensorcelled Hiber |    27 |    13 ||    40
  Use: Scroll            |    10 |     1 ||    11
 Stab: Sleeping          |    24 |     6 ||    30
       Distracted        |       |     1 ||     1
  Eat: Ration            |     1 |       ||     1
       Chunk             |     1 |       ||     1
Armor: Skin              |     6 |     3 ||     9
Dodge: Dodged            |    99 |    45 ||   144

Table legend:
 A = Non-vault XP
 B = Vault XP
 C = Vault XP percentage of total XP
 D = Non-vault monster count
 E = Vault monster count
 F = Vault count percentage of total count
                 A         B        C        D         E       F
            +---------+---------+-------+---------+---------+-------
      Total |     213 |       9 |   4.1 |      54 |       3 |   5.3
            +---------+---------+-------+---------+---------+-------
        D:1 |      34 |       0 |   0.0 |      21 |       0 |   0.0
        D:2 |      71 |       0 |   0.0 |      20 |       0 |   0.0
        D:3 |     108 |       9 |   7.7 |      13 |       3 |  18.8
            +---------+---------+-------+---------+---------+-------
